AoeStats
← Emperor_Napoleon

MegaRandom

510345294Analyzed
2v2 RM · 2d ago on Sep 30, 2026· 33m 51s· 4 players
Game mode
Random Map
Map size
Medium (4 player)
Population
200
Speed
Normal
Resources
Standard
Victory
Conquest
Starting age
Dark Age
Ending age
Imperial Age
RankedLock teamsTeams togetherTeam positionsShared explorationLock speedFull tech treeHidden civsTurbo modeCheats
Victory
Defeat
🇨🇳 Shu · China
1759
+8
🇨🇳 Aztecs · China
1692
+10
🇫🇷 Berbers · France
1571
-9
🇫🇷 Poles · France
1570
-9
Emperor_Napoleon
10:40 Feudal Age
11:26 Double-Bit Axe
11:50 Loom
13:25 Fishing Lines
18:49 Castle Age
17:05 Fletching
17:53 Gold Mining
18:09 Horse Collar
18:49 Padded Archer Armor
19:22 Crossbowman
19:59 Bodkin Arrow
21:00 Leather Archer Armor
20:52 Thumb Ring
22:03 Bow Saw
23:08 Ballistics
25:53 Wheelbarrow
25:03 Town Watch
26:42 Stone Mining
29:53 Gold Shaft Mining
30:09 Hand Cart
30:12 Heavy Plow
35:09 Imperial Age
34:05 Scale Mail Armor
老愛國
9:31 Loom
11:44 Feudal Age
12:23 Double-Bit Axe
13:04 Scale Mail Armor
15:05 Castle Age
14:01 Forging
13:57 Fishing Lines
14:28 Gold Mining
15:22 Horse Collar
16:53 Eagle Warrior
17:30 Arson
20:38 Squires
23:02 Heavy Plow
24:27 Chain Mail Armor
24:37 Sanctity
26:14 Iron Casting
26:26 Fervor
28:32 Wheelbarrow
28:11 Stone Mining
29:55 Bow Saw
30:21 Gold Shaft Mining
33:22 Imperial Age
30:52 Herbal Medicine
31:53 Hand Cart
31:24 Town Watch
32:19 Stone Shaft Mining
32:52 Treadmill Crane
34:13 Coinage
33:32 Elite Eagle Warrior
34:34 Garland Wars
35:16 Blast Furnace
34:44 Conscription
RAIE-MYSTERIEUSE
7:10 Loom
10:32 Feudal Age
13:19 Loom
15:49 Castle Age
14:24 Double-Bit Axe
16:12 Crossbowman
18:06 Fletching
20:04 Bodkin Arrow
21:53 Horse Collar
25:10 Ballistics
27:06 Padded Archer Armor
29:03 Leather Archer Armor
33:31 Wheelbarrow
33:30 Bow Saw
Vash
11:49 Feudal Age
15:30 Castle Age
13:29 Horse Collar
14:00 Double-Bit Axe
15:39 Scale Barding Armor
16:23 Husbandry
17:42 Loom
24:37 Forging
25:21 Devotion
26:45 Wheelbarrow
26:41 Bow Saw
28:50 Chain Barding Armor
30:11 Hand Cart
31:32 Bloodlines
32:26 Bloodlines
33:23 Gold Mining
Connection lost

Rejoining the realm…

Still unreachable

The connection could not be restored.

Session expired

The server has moved on; the page needs a fresh start.